 Dungeon Crawl Stone Soup version 0.30-a0-643-g638baaf3f0 (webtiles) character file.

Game seed: 16499809518776637269

40 NokRude the Cudgeller (level 3, -1/29 HPs)
             Began as a Demonspawn Monk on Jan 16, 2023.
             Succumbed to a goblin's poison
             ... on level 3 of the Dungeon.
             The game lasted 00:01:57 (1191 turns).

NokRude the Cudgeller (Demonspawn Monk)             Turns: 1191, Time: 00:01:59

Health: -1/29      AC:  2    Str: 12 (13) XL:     3   Next: 30%
Magic:  3/3        EV: 12    Int:  8 (11) God:
Gold:   86         SH:  0    Dex: 14 (15) Spells: 2/2 levels left

rFire   . . .      SeeInvis .    a - +0 mace
rCold   . . .      Faith    .    (no shield)
rNeg    . . .      Spirit   .    b - +0 robe
rPois   .          Reflect  .    (no helmet)
rElec   .          Harm     .    (no cloak)
rCorr   .          Rampage  .    (no gloves)
Will    +....                    (no boots)
Stlth   ++                       (no amulet)
HPRegen 0.24/turn                c - ring of willpower
MPRegen 0.16/turn                (no ring)

@: mighty, lethally poisoned (-1 -> -10)
A: magic regeneration
a: no special abilities


You were on level 3 of the Dungeon.
You visited 1 branch of the dungeon, and saw 4 of its levels.

You collected 86 gold pieces.

Inventory:

Hand Weapons
 a - a +0 mace (weapon)
Missiles
 i - 5 poisoned darts (quivered)
Armour
 b - a +0 robe (worn)
Jewellery
 c - a ring of willpower (left hand)
 g - a ring of ice
Scrolls
 d - a scroll of amnesia {unknown}
 e - a scroll of identify {unknown}
 f - a scroll of blinking {unknown}
Potions
 j - a potion of might


   Skills:
 + Level 3.2 Fighting
 * Level 3.6 Maces & Flails
 * Level 0.7 Armour
 - Level 2.6 Dodging
 - Level 1.7 Stealth


You had 2 spell levels left.
You didn't know any spells.
Your spell library contained the following spells:

 Spells                   Type           Power      Damage    Failure   Level
 Apportation              Tloc           0%         N/A       41%         1
 Necrotise                Necr           0%         1d4       41%         1
 Summon Small Mammal      Summ           0%         N/A       41%         1


Dungeon Overview and Level Annotations

Branches:
Dungeon (4/15)
 Temple: D:4-7

Altars:
Qazlal


Innate Abilities, Weirdness & Mutations

You regenerate magic rapidly.


Message History

Things that are here:
a +0 club; a goblin corpse HP restored.
You now have 86 gold pieces (gained 1).
A goblin comes into view. It is wielding a +2 dagger of venom.
The goblin shouts!
The goblin unwields a +2 dagger of venom.
It stops dripping with poison.
The goblin wields a +0 sling.
The goblin shoots a sling bullet.
The sling bullet hits you.
The goblin shoots a sling bullet.
The sling bullet completely misses you.
Found a stormy altar of Qazlal.
The goblin shoots a sling bullet.
The sling bullet hits you.
The goblin unwields a +0 sling.
The goblin wields a +2 dagger of venom.
It begins to drip with poison!
The goblin hits you with a +2 dagger of venom.
You are poisoned.
You miss the goblin.
You feel very sick.
The goblin hits you with a +2 dagger of venom.
You are lethally poisoned!
You are too injured to fight recklessly!
You are too injured to fight recklessly!
You are too injured to fight recklessly!
It was a potion of degeneration.
There was something very wrong with that liquid.
You feel weakened.
You feel dopey.
You feel clumsy.
You feel very sick. The goblin barely misses you.
It was a potion of might.
You feel very mighty all of a sudden.
* * * LOW HITPOINT WARNING * * *
You feel very sick.
The goblin hits you with a +2 dagger of venom.
* * * LOW HITPOINT WARNING * * *
You thump the goblin!
You kill the goblin!
* * * LOW HITPOINT WARNING * * *
You feel very sick.
Okay, then.
There is a lethal amount of poison in your body!
You die...

### ..# ### #.#
#.. #..##.# #.#
#.....# #.#
#._..)# #.#
#...@.# #.#
#..##.# #.# ##
#.# #.#
##.######.#####
#.......#)#...
#.......#.#.#
+...........#
#...........#
#...............


There were no monsters in sight!

Vanquished Creatures
  2 adders (D:4)
  A dart slug (D:2)
  3 endoplasms
  4 goblins
  A hobgoblin (D:1)
  3 ball pythons
  4 bats
  A frilled lizard (D:2)
  2 rats (D:1)
21 creatures vanquished.

Notes
Turn   | Place    | Note
-------+----------+-------------------------------------------
     0 | D:1      | NokRude the Demonspawn Monk began the quest for the Orb.
     0 | D:1      | Reached XP level 1. HP: 18/18 MP: 1/1
   514 | D:1      | Gained mutation: You regenerate magic rapidly. [demonic
                  | ancestry]
   514 | D:1      | Reached XP level 2. HP: 23/24 MP: 2/2
  1046 | D:2      | You fall into a shaft and drop 2 floors!
  1115 | D:4      | Reached XP level 3. HP: 26/29 MP: 3/3
  1161 | D:4      | Noticed a scorpion
  1185 | D:3      | Found a stormy altar of Qazlal.
  1191 | D:3      | Succumbed to a goblin's poison

Illustrated notes

Levels and vault maps discovered:
D:1:      eino_arrival_water_star, layout_loops_corners, serial_forest,
          infiniplex_forest_end_double, infiniplex_forest_clump_long,
          infiniplex_forest_end_1, infiniplex_forest_lined_2
D:2:      layout_basic, due_unseen_surprise
D:3:      layout_basic, mainiacjoe_overflow_alcove_1,
          hellmonk_ecumenical_altar_pennies_from_heaven
D:4:      layout_loops_ring, mainiacjoe_overflow_surrounded_room, uniq_pikel,
          uniq_grinder

Skill      XL: |  1 |
---------------+----+-----
Maces & Flails | 3 |  3.6
Fighting       | |  3.2
Armour         | |  0.7
Dodging        | |  2.6
Stealth        | |  1.7

Action                   || total
-------------------------++-------
Melee: Mace              ||    76
Throw: Dart              ||     3
  Use: Potion            ||     3
 Stab: Sleeping          ||     5
Armor: Robe              ||    27
Dodge: Dodged            ||    73

Table legend: (Time is in decaauts)
 A = Elapsed time spent in this place.
 B = Non-inter-level travel time spent in this place.
 C = Inter-level travel time spent in this place.
 D = Time resting spent in this place.
 E = Time spent auto-exploring this place.
 F = Levels seen in this place.
 G = Mean time per level.
                   A        B        C        D        E       F      G
               +--------+--------+--------+--------+--------+-----+--------+
         Total |   1209 |   1186 |     23 |      0 |    946 |   4 |  302.2 |
       Dungeon |   1209 |   1186 |     23 |      0 |    946 |   4 |  302.2 |
               +--------+--------+--------+--------+--------+-----+--------+

Top non-repeatable levels by time:
     D:1: 881 daAuts
     D:2: 177 daAuts
     D:4: 125 daAuts
     D:3: 24 daAuts
